 Dungeon Crawl Stone Soup version 0.28-a0-697-g47f3eba078 (webtiles) character file.

Game seed: 2911207644007770477

14 SmokeWeed the Chiller (level 2, 0/22 HPs)
             Began as a Draconian Ice Elementalist on Oct 24, 2021.
             Slain by a kobold (2 damage)
             ... on level 1 of the Dungeon.
             The game lasted 00:01:22 (839 turns).

SmokeWeed the Chiller (Draconian Ice Elementalist)   Turns: 839, Time: 00:01:22

Health: 0/22       AC:  4    Str: 10    XL:     2   Next: 31%
Magic:  4/5        EV: 12    Int: 15    God:
Gold:   22         SH:  0    Dex: 11    Spells: 4/5 levels left

rFire   . . .      SeeInvis .   c - +0 whip
rCold   . . .      Faith    .   (no shield)
rNeg    . . .      Spirit   .   (armour unavailable)
rPois   .          Reflect  .   (helmet restricted)
rElec   .          Harm     .   (no cloak)
rCorr   .          Rampage  .   (no gloves)
Will    .....                   (no boots)
Stlth   ++........              (no amulet)
HPRegen 0.07/turn               (no ring)
MPRegen 0.09/turn               (no ring)

@: slowed, very slow
A: AC +4, unfitting armour, cold-blooded
a: no special abilities


You were on level 1 of the Dungeon.
You visited 1 branch of the dungeon, and saw 1 of its levels.

You collected 22 gold pieces.

Inventory:

Hand Weapons
 c - a +0 whip (weapon)
Missiles
 a - 16 arrows
Scrolls
 f - a scroll of identify {unknown}
Potions
 b - a potion of berserk rage {unknown}
 d - a potion of degeneration {unknown}
 e - a potion of flight {unknown}


   Skills:
 * Level 0.9 Fighting
 + Level 1.8 Dodging
 + Level 1.8 Stealth
 + Level 2.1 Spellcasting
 + Level 4.3 Ice Magic


You had 4 spell levels left.
You knew the following spells:

 Your Spells              Type           Power      Damage    Failure   Level
a - Freeze                Ice            56%        1d7       3%          1

Your spell library contained the following spells:

 Spells                   Type           Power      Damage    Failure   Level
 Frozen Ramparts          Ice            28%        1d4       11%         3
 Ozocubu's Armour         Ice            14%        N/A       11%         3
 Corpse Rot               Necr/Air       2%         N/A       32%         2
 Poisonous Vapours        Pois/Air       2%         N/A       32%         2
 Hailstorm                Conj/Ice       8%         3d4       65%         4


Dungeon Overview and Level Annotations

Branches:
Dungeon (1/15)

Altars:


Innate Abilities, Weirdness & Mutations

Your plain brown scales are hard. (AC +4)
You cannot fit into any form of body armour.
You are cold-blooded and may be slowed by cold attacks.


Message History

A rat comes into view.
Found a murky sapphire potion.
The kobold shouts!
The giant cockroach closely misses you.
You barely miss the giant cockroach.
The endoplasm quivers.
The giant cockroach bites you but does no damage.
You hit the giant cockroach.
You tail-slap the giant cockroach, but do no damage.
The giant cockroach is almost dead.
The giant cockroach waves its antennae.
The giant cockroach barely misses you. The rat bites you.
The endoplasm closely misses you.
The giant cockroach bites you but does no damage.
You hit the giant cockroach.
You kill the giant cockroach!
The rat bites you. The endoplasm closely misses you.
You barely miss the kobold. The rat closely misses you.
The kobold hits you with a +0 short sword.
The endoplasm hits you but does no damage.
The rat barely misses you.
You barely miss the kobold.
You tail-slap the kobold, but do no damage.
The kobold hits you with a +0 short sword.
The endoplasm closely misses you. The rat bites you but does no damage.
You are too injured to fight recklessly!
You are too injured to fight recklessly!
The rat bites you.
* * * LOW HITPOINT WARNING * * *
Aiming: Freeze (safe; 3% risk of failure)
Press: ? - help, Q - select action Shift-Dir - straight line, f - endoplasm
Aim: an endoplasm You freeze the endoplasm.
The endoplasm is heavily wounded.
The endoplasm freezes you.
You are frozen.
* * * LOW HITPOINT WARNING * * *
You feel yourself slow down.
The kobold hits you with a +0 short sword.
You die...

♣....#..PP...#### #.#.# ##..#
♣#####..P....#######.#.####..#
+.......'.......#......>#
#.......#################
#.......##..!..#
###....†..##.....#
......†...##.....#
...........##.†...#
#...P......@Kr....#
...♣P.......J.....#
PP♣♣♣.P.......#####
♣.P......$.# ♣...♣♣P.P.##
..... ♣♣...# ###.. ♣...# ...##


You could see an endoplasm, a kobold and a rat.

Vanquished Creatures
  3 ball pythons (D:1)
  2 bats (D:1)
  3 endoplasms (D:1)
  A giant cockroach (D:1)
  A hobgoblin (D:1)
  A kobold (D:1)
  A rat (D:1)
12 creatures vanquished.

Notes
Turn   | Place    | Note
-------+----------+-------------------------------------------
     0 | D:1      | SmokeWeed the Draconian Ice Elementalist began the quest
                  | for the Orb.
     0 | D:1      | Reached XP level 1. HP: 14/14 MP: 3/3
   486 | D:1      | Reached XP level 2. HP: 12/22 MP: 5/5
   839 | D:1      | Slain by a kobold

Illustrated notes

Levels and vault maps discovered:
D:1:      denvon_arrival_waterhouse, layout_basic, serial_forest,
          infiniplex_forest_straight_3, infiniplex_forest_clump_double,
          infiniplex_forest_split, infiniplex_forest_straight_4,
          infiniplex_forest_lined_3_way, infiniplex_forest_clump_small,
          infiniplex_forest_lined_3_way, infiniplex_forest_corner_2,
          infiniplex_forest_clump_tiny, infiniplex_forest_straight_3

Action                   || total
-------------------------++-------
Melee: Whip              ||    33
       Tailslap          ||     4
       Unarmed           ||     1
 Cast: Freeze            ||    10
 Stab: Sleeping          ||     1
Armor: Skin              ||    18
Dodge: Dodged            ||    44

Table legend: (Time is in decaauts)
 A = Elapsed time spent in this place.
 B = Non-inter-level travel time spent in this place.
 C = Inter-level travel time spent in this place.
 D = Time resting spent in this place.
 E = Time spent auto-exploring this place.
 F = Levels seen in this place.
 G = Mean time per level.
                   A        B        C        D        E       F      G
               +--------+--------+--------+--------+--------+-----+--------+
         Total |    845 |    845 |      0 |      0 |    719 |   1 |  845.0 |
       Dungeon |    845 |    845 |      0 |      0 |    719 |   1 |  845.0 |
               +--------+--------+--------+--------+--------+-----+--------+

Top non-repeatable levels by time:
     D:1: 845 daAuts
